 Seeded DCSS version 0.29.1-12-g30fa7ad0bf (webtiles) character file.

Game seed: 9845822215292249863 (custom seed)

35 OTABOTABOTAB the Insei (level 3, 23/23 HPs)
             Began as an Octopode Transmuter on Jan 9, 2023.
             Quit the game on level 1 of the Dungeon.
             The game lasted 00:01:46 (940 turns).

OTABOTABOTAB the Insei (Octopode Transmuter)         Turns: 940, Time: 00:01:47

Health: 23/23      AC:  1    Str:  9    XL:     3   Next: 33%
Magic:  6/6        EV: 13    Int: 17    God:
Gold:   2595       SH:  0    Dex: 12    Spells: 5/6 levels left

rFire   . . .      SeeInvis .     - Unarmed
rCold   . . .      Faith    .   (no shield)
rNeg    . . .      Spirit   .   (helmet restricted)
rPois   .          Reflect  .   b - amulet of the acrobat
rElec   .          Harm     .   i - ring of willpower
rCorr   .          Rampage  .   (no ring)
Will    +....                   (no ring)
Stlth   +++.......              (no ring)
HPRegen 0.07/turn               (no ring)
MPRegen 0.10/turn               (no ring)
                                (no ring)
                                (no ring)

@: no status effects
A: almost no armour, amphibious, 8 rings, camouflage 1, gelatinous body 1,
(nimble swimmer 1), tentacles
a: no special abilities


You were on level 1 of the Dungeon.
You visited 1 branch of the dungeon, and saw 1 of its levels.

You collected 2595 gold pieces.

Inventory:

Jewellery
 b - an amulet of the acrobat (around mantle)
 i - a ring of willpower (left tentacle)
Scrolls
 c - a scroll of amnesia {unknown}
 f - a scroll of identify {unknown}
Potions
 a - a potion of lignification
 d - a potion of curing {unknown}
 e - a potion of heal wounds {unknown}
 h - a potion of magic {unknown}


   Skills:
 + Level 1.0 Fighting
 - Level 2.0 Dodging
 + Level 1.2 Stealth
 + Level 3.9 Unarmed Combat
 - Level 2.0 Spellcasting
 * Level 2.4 Transmutations


You had 5 spell levels left.
You knew the following spells:

 Your Spells              Type           Power      Damage    Failure   Level
a - Beastly Appendage     Tmut           20%        N/A       7%          1

Your spell library contained the following spells:

 Spells                   Type           Power      Damage    Failure   Level
 Wereblood                Tmut           10%        N/A       11%         2
 Spider Form              Tmut/Pois      5%         N/A       34%         3
 Ice Form                 Ice/Tmut       5%         N/A       75%         4


Dungeon Overview and Level Annotations

Branches:
Dungeon (1/15)

Altars:


Innate Abilities, Weirdness & Mutations

You cannot wear most types of armour.
You are amphibious.
You can wear up to eight rings at the same time.
Your skin changes colour to match your surroundings (Stealth+).
Your rubbery body absorbs attacks. (AC +1, EV +1)
((You are camouflaged when in or above water. (Stealth+)))
You have tentacles for arms and can constrict up to eight enemies at once.


Message History

Found 6 stones.
Things that are here:
2 scrolls labelled VOSEFAQATU; a staff of conjuration A quokka is nearby!
A quokka is nearby!
A quokka is nearby!
The quokka misses you. x2
You barely miss the quokka. You grab the quokka. You squeeze the quokka.
The quokka is severely wounded.
You constrict the quokka, but do no damage.
The quokka closely misses you.
Unknown command.
You tentacle-slap the quokka.
You kill the quokka!
No target in view!
No target in view!
g - 3 scrolls labelled VOSEFAQATU (gained 2)
You see here a staff of conjuration.
h - a lumpy sapphire potion
i - a ring of willpower
i - a ring of willpower (left tentacle)
You open the door.
There is an open door here.
You open the door.
There is an open door here.
You now have 31 gold pieces (gained 8).
Done exploring.
Done exploring.
Done exploring.
This is a scroll of acquirement!
Something appears before you!
You now have 887 gold pieces (gained 856).
Something appears before you!
You now have 1703 gold pieces (gained 816).
Something appears before you!
You now have 2595 gold pieces (gained 892).
You have 2595 gold pieces.
Unknown command.
Unknown command.
Are you sure you want to abandon this character and quit the game? (Confirm with "yes".)

#......#.###############
(............>##.......#
#.#.#.##†#..####.####.##
#.#.#......)# #.# #.#
#.#.#.###.#.# #.# #.#
#.#.####..#.# #.# #.#
#.#.........# #.# #.#
#.#####..#######.# #.#
#.....[.........@# #.#
#...############## #.#
....# #.# #..## #.# #..#
#.# #..# #####.# ...#
#.....# #..# #.#####
##.###### #.#


There were no monsters in sight!

Vanquished Creatures
  A gnoll (D:1)
  2 dart slugs (D:1)
  2 ball pythons (D:1)
  5 bats (D:1)
  2 endoplasms (D:1)
  A giant cockroach (D:1)
  2 goblins (D:1)
  2 kobolds (D:1)
  A quokka (D:1)
  A frilled lizard (D:1)
  A rat (D:1)
20 creatures vanquished.

Notes
Turn   | Place    | Note
-------+----------+-------------------------------------------
     0 | D:1      | OTABOTABOTAB the Octopode Transmuter began the quest for
                  | the Orb.
     0 | D:1      | Reached XP level 1. HP: 13/13 MP: 3/3
    71 | D:1      | Reached XP level 2. HP: 9/18 MP: 5/5
   247 | D:1      | Reached skill level 1 in Stealth
   360 | D:1      | Reached XP level 3. HP: 17/23 MP: 4/6
   932 | D:1      | Identified 3 scrolls of acquirement
   932 | D:1      | Acquired 856 gold pieces
   934 | D:1      | Acquired 816 gold pieces
   938 | D:1      | Acquired 892 gold pieces
   940 | D:1      | Quit the game

Illustrated notes

Levels and vault maps discovered:
D:1:      giann_bridges, layout_basic

Skill      XL: |  1  2 |
---------------+-------+-----
Stealth        | 1 |  1.2
Fighting       | |  1.0
Dodging        | |  2.0
Unarmed Combat | |  3.9
Spellcasting   | |  2.0
Transmutations | |  2.4

Action                   || total
-------------------------++-------
Melee: Unarmed           ||    48
       Constrict         ||    12
       Kick              ||     6
       Punch             ||     2
       Tentacles         ||     8
 Cast: Beastly Appendage ||     3
  Use: Scroll            ||     4
 Stab: Sleeping          ||     5
Armor: Skin              ||     6
Dodge: Dodged            ||    30
